 Dungeon Crawl Stone Soup version 0.21.1-1-g345015f (webtiles) character file.

49 Monsterracer the Cudgeler (level 4, -2/35 HPs)
             Began as a Human Fighter on Feb 8, 2018.
             Was a Follower of Kikubaaqudgha.
             Slain by Sigmund
             ... wielding a +0 scythe
              (3 damage)
             ... on level 2 of the Dungeon.
             The game lasted 00:02:15 (1050 turns).

Monsterracer the Cudgeler (Human Fighter)           Turns: 1050, Time: 00:02:16

Health: -2/35      AC:  7    Str: 17    XL:     4   Next: 2%
Magic:  4/4        EV:  9    Int:  9    God:    Kikubaaqudgha [*.....]
Gold:   107        SH:  9    Dex: 12    Spells: 3/3 levels left

rFire    . . .     SeeInvis .   a - +0 flail
rCold    . . .     Gourm    .   f - +0 shield
rNeg     . . .     Faith    .   b - +0 scale mail
rPois    .         Spirit   .   (no helmet)
rElec    .         Reflect  .   (no cloak)
rCorr    .         Harm     .   (no gloves)
MR       .....                  h - +0 pair of boots
Stlth    ..........             (no amulet)
HPRegen  0.11/turn              l - +2 ring of evasion
MPRegen  0.09/turn              (no ring)

@: no status effects
A: no striking features
a: Receive Corpses, Renounce Religion


You were on level 2 of the Dungeon.
You worshipped Kikubaaqudgha.
Kikubaaqudgha was aware of your devotion.
You were not hungry.

You visited 1 branch of the dungeon, and saw 2 of its levels.

You collected 107 gold pieces.

Inventory:

Hand Weapons
 a - a +0 flail (weapon)
Armour
 b - a +0 scale mail (worn)
 f - a +0 shield (worn)
 g - a +0 plate armour
 h - a +0 pair of boots (worn)
Jewellery
 l - a +2 ring of evasion (left hand)
Scrolls
 i - a scroll of noise {unknown}
 k - 2 scrolls of identify {unknown}
 n - a scroll of magic mapping {unknown}
 o - a scroll of fear {unknown}
 q - a scroll of remove curse {unknown}
Potions
 d - 2 potions of might
 e - 2 potions of mutation {unknown}
 j - 2 potions of haste {unknown}
 m - a potion of agility {unknown}
Books
 r - Kikubaaqudgha's Grimoire of Stolen Souls
   (Kikubaaqudgha gifted it to you on level 2 of the Dungeon)

   Spells                             Type                      Level
   a - Pain                           Necromancy                   1
   b - Corpse Rot                     Necromancy                   2
   c - Sublimation of Blood           Necromancy                   2
   d - Vampiric Draining              Necromancy                   3
Comestibles
 c - 4 rations
 p - 2 chunks of flesh


   Skills:
 - Level 3.0 Fighting
 + Level 4.0 Maces & Flails
 - Level 3.0 Armour
 - Level 3.0 Shields


You had 3 spell levels left.
You didn't know any spells.

Dungeon Overview and Level Annotations

Branches:
Dungeon (2/15)

Altars:
Kikubaaqudgha

Annotations:
D:2 Sigmund


Message History

The frilled lizard hisses angrily.
A hobgoblin comes into view. It is wielding a club.
There are monsters nearby!
There are monsters nearby!
The hobgoblin shouts!
A goblin comes into view. It is wielding a club.
You see here a scale mail.
The goblin shouts!
The frilled lizard misses you.
You see here a scale mail.
You closely miss the frilled lizard.
You are feeling hungry.
The frilled lizard closely misses you. You block the frilled lizard's attack.
You hit the frilled lizard.
You kill the frilled lizard!
You block the hobgoblin's attack.
You sock the hobgoblin!
You kill the hobgoblin!
Your Maces & Flails skill increases to level 4!
You have reached level 4!
You feel clever.
Health restored: 35; MP restored: 4 You hit the goblin.
The goblin is severely wounded.
The goblin hits you but does no damage.
You hit the goblin.
You kill the goblin!
Items here: )) †† a club x2; a goblin corpse; a frilled lizard corpse No target in view!
There isn't anything here!
You butcher the goblin corpse.
p - 2 chunks of flesh You butcher the frilled lizard corpse.
p - 3 chunks of flesh (gained 1)
Things that are here:
a club x2; a goblin skeleton
Things that are here:
a club x2; a goblin skeleton Eating one of 3 chunks of flesh.
You eat one of the 3 chunks of flesh.
This raw flesh tastes terrible.
Found 25 stones.
q - a scroll labeled XERPHO SIULEUXE
Found a faded altar of an unknown god.
No target in view!
No target in view!
No target in view!
There is a faded altar of an unknown god here.
You now have 107 gold pieces (gained 9).
A kobold and Sigmund come into view.
Sigmund shouts!
The kobold shouts!
Sigmund says, "Now you see me, now you don't..."
Found 11 gold pieces.
There is a faded altar of an unknown god here.
You cannot tell which god this altar belongs to.
Convert to them anyway?
Kikubaaqudgha accepts your prayer! Kikubaaqudgha welcomes you!
You can now receive cadavers from Kikubaaqudgha.
You see here Kikubaaqudgha's Grimoire of Stolen Souls.
Kikubaaqudgha grants you a gift!
You offer a prayer to Kikubaaqudgha.
You offer a prayer to Kikubaaqudgha. r - Kikubaaqudgha's Grimoire of Stolen Souls
There is an ancient bone altar of Kikubaaqudgha here.
You block Sigmund's attack.
There are monsters nearby!
You hit Sigmund.
Sigmund is lightly wounded.
Sigmund hits you with a scythe!
You take 11 damage, and have 24/35 hp.
MASSIVE DAMAGE!!
You are too injured to fight recklessly!
You are too injured to fight recklessly!
You closely miss Sigmund.
Sigmund is lightly wounded.
Sigmund closely misses you.
You sock Sigmund!
Sigmund is heavily wounded.
Sigmund hits you with a scythe!
* * * LOW HITPOINT WARNING * * *
You take 10 damage, and have 15/35 hp.
MASSIVE DAMAGE!!
Okay, then.
You hit Sigmund.
Sigmund is heavily wounded.
Sigmund drinks a potion.
Sigmund is healed!
You hit Sigmund.
Sigmund is heavily wounded.
Sigmund hits you with a scythe.
* * * LOW HITPOINT WARNING * * *
You take 6 damage, and have 9/35 hp.
You hit Sigmund.
Sigmund is severely wounded.
Sigmund casts a spell at you. The magic dart hits you!
* * * LOW HITPOINT WARNING * * *
You take 8 damage, and have 1/35 hp.
MASSIVE DAMAGE!!
You closely miss Sigmund.
Sigmund is severely wounded.
Sigmund hits you with a scythe.
You die...
Kikubaaqudgha rasps: "You have failed me!
Welcome... death!"

)......# #.....## #
##.#..# .# #.....#
###.###.$ ..#..##
#.@.@.K.. #....######
### ####.#
###.......####.###K##.#
#.#####...#.#_#@#...#
#.# ####.###@###### #.#
### ### #.# #.# .. ###
#..


You could see Sigmund and a kobold.

Vanquished Creatures
  An adder (D:2)
  2 worms (D:2)
  A dart slug (D:1)
  A giant cockroach (D:2)
  4 goblins
  4 hobgoblins
  5 jackals (D:1)
  A ball python (D:2)
  2 bats
  6 frilled lizards
  4 kobolds (D:1)
  A rat (D:1)
32 creatures vanquished.

Notes
Turn   | Place    | Note
-------+----------+-------------------------------------------
     0 | D:1      | Monsterracer the Human Fighter began the quest for the Orb.
     0 | D:1      | Reached XP level 1. HP: 18/18 MP: 1/1
    58 | D:1      | Reached XP level 2. HP: 20/24 MP: 2/2
   280 | D:1      | Reached skill level 3 in Maces & Flails
   371 | D:1      | Reached XP level 3. HP: 28/29 MP: 3/3
   621 | D:2      | HP: 11/29 [worm (7)]
   997 | D:2      | Reached skill level 4 in Maces & Flails
   997 | D:2      | Reached XP level 4. HP: 35/35 MP: 4/4
  1024 | D:2      | Found a faded altar of an unknown god.
  1033 | D:2      | Noticed Sigmund
  1041 | D:2      | Became a worshipper of Kikubaaqudgha
  1041 | D:2      | Reached * piety under Kikubaaqudgha
  1041 | D:2      | Identified Kikubaaqudgha's Grimoire of Stolen Souls (Kikubaaqudgha gifted it to you on level 2 of the Dungeon)
  1041 | D:2      | Received a gift from Kikubaaqudgha
  1046 | D:2      | HP: 15/35 [Sigmund/scythe (10)]
  1049 | D:2      | HP: 1/35 [Sigmund/magic dart (8)]
  1050 | D:2      | Slain by Sigmund

Skill      XL: |  1  2  3 |
---------------+----------+-----
Maces & Flails | 3 4 |  4.0
Fighting       | |  3.0
Armour         | |  3.0
Shields        | |  3.0

Action                   |  1- 3 |  4- 6 || total
-------------------------+-------+-------++-------
Melee: Flail             |   105 |     9 ||   114
  Eat: Chunk             |       |     1 ||     1
Armor: Scale mail        |    66 |       ||    66
Dodge: Dodged            |    34 |     1 ||    35
Block: Shield            |    51 |     1 ||    52

Vault maps used:
D:1:      dpeg_arrival_tiny_j
D:2:      fedhas_altar_2, chequers_ecumenical_altar_twisty, minmay_bisected,
          uniq_sigmund
